 Dungeon Crawl Stone Soup version 0.19-a0-1821-g42c593c (webtiles) character file.

894 pokedragonboy the Conjurer (level 7, -11/36 HPs)
             Began as a Deep Elf Conjurer on Oct 7, 2016.
             Mangled by an ice beast (14 damage)
             ... on level 5 of the Dungeon.
             The game lasted 00:18:43 (5362 turns).

pokedragonboy the Conjurer (Deep Elf Conjurer)      Turns: 5362, Time: 00:18:44

Health: -11/36     AC:  4    Str:  5    XL:     7   Next: 78%
Magic:  9/18       EV: 13    Int: 20    God:
Gold:   263        SH:  0    Dex: 15    Spells: 6 memorised, 1 level left

rFire  . . .     SeeInvis .     g - +1 dagger (drain)
rCold  . . .     Gourm    .     a - +1 robe
rNeg   . . .     Faith    .     (no shield)
rPois  .         Spirit   .     (no helmet)
rElec  .         Dismiss  .     e - +0 cloak
rCorr  .         Reflect  .     (no gloves)
MR     .....     Harm     .     j - +0 pair of boots
Stlth  ++........               (no amulet)
                                (no ring)
                                (no ring)

@: no status effects
A: deformed body, dopey 1, low mp 1
a: no special abilities


You were on level 5 of the Dungeon.
You were not hungry.

You visited 1 branch of the dungeon, and saw 5 of its levels.

You collected 263 gold pieces.

Inventory:

Hand Weapons
 g - a +1 dagger of draining (weapon)
Missiles
 p - a throwing net (quivered)
Armour
 a - a +1 robe (worn)
 e - a +0 cloak (worn)
 j - a +0 pair of boots (worn)
Scrolls
 f - 3 scrolls of remove curse
Potions
 h - 2 potions of haste
 i - a potion of lignification
 l - a potion of might
 n - a potion of invisibility
Books
 b - a book of Conjurations

   Spells                             Type                      Level
   a - Magic Dart                     Conjuration                  1
   b - Searing Ray                    Conjuration                  2
   c - Dazzling Spray                 Conjuration/Hexes            3
   d - Fulminant Prism                Conjuration/Hexes            4
   e - Iskenderun's Mystic Blast      Conjuration                  4
   f - Iskenderun's Battlesphere      Conjuration/Charms           5
 m - a book of Callings

   Spells                             Type                      Level
   a - Summon Small Mammal            Summoning                    1
   b - Call Imp                       Summoning                    2
   c - Call Canine Familiar           Summoning                    3
   d - Summon Guardian Golem          Hexes/Summoning              3
   e - Summon Lightning Spire         Summoning/Air                4
   f - Summon Ice Beast               Ice/Summoning                4
 q - a book of Maledictions

   Spells                             Type                      Level
   a - Corona                         Hexes                        1
   b - Ensorcelled Hibernation        Hexes/Ice                    2
   c - Confuse                        Hexes                        3
   d - Tukima's Dance                 Hexes                        3
   e - Dazzling Spray                 Conjuration/Hexes            3
Comestibles
 c - 3 bread rations


   Skills:
 - Level 2.4 Dodging
 - Level 2.4 Stealth
 * Level 7.4 Spellcasting
 * Level 7.6 Conjurations
 + Level 3.2 Hexes
 * Level 4.5 Charms


You had one spell level left.
You knew the following spells:

 Your Spells              Type           Power        Failure   Level  Hunger
a - Magic Dart            Conj           ####         1%          1    None
b - Searing Ray           Conj           #####.       1%          2    None
c - Dazzling Spray        Conj/Hex       ####..       3%          3    #......
d - Iskenderun's Mystic   Conj           #####...     4%          4    ###....
e - Iskenderun's Battles  Conj/Chrm      ####....     24%         5    #####..
f - Fulminant Prism       Conj/Hex       ####......   12%         4    ###....


Dungeon Overview and Level Annotations

Branches:
Dungeon (5/15)
 Temple: D:4-7

Altars:
Kikubaaqudgha
Makhleb
Nemelex Xobeh
Trog
Uskayaw
Zin


Innate Abilities, Weirdness & Mutations

Armour fits poorly on your strangely shaped body.
You are dopey. (Int -2)
Your magical capacity is low. (-10% MP)


Message History

Casting: Searing Ray
Confirm with . or Enter, or press ? or * to list all spells.
Okay, then.
It was a potion of mutation.
You feel extremely strange.
Your body twists and deforms.
You feel stupid.
You feel less energetic. The ice beast hits you.
* * * LOW HITPOINT WARNING * * *
The ice beast freezes you.
* * * LOW HITPOINT WARNING * * *
Casting: Searing Ray
Confirm with . or Enter, or press ? or * to list all spells.
Aiming: Dazzling Spray
Press: ? - help, Shift-Dir - straight line, f/p - ice beast
Aim: an ice beast (heavily wounded)
The spray of energy hits the ice beast.
The ice beast is severely wounded.
The ice beast is dazzled.
The ice beast hits you.
* * * LOW HITPOINT WARNING * * *
The ice beast freezes you!
You die...

#..######...#...###
##.# #.#####... #.#
#...#...### #.#
#.#<#...... #.#
#.#.....### #.#
#.####.## #.# #^#
#.# #Y# #.# #.# #@#
#.# #.# #.....# #.#
#.# ####### #.# #.#
#.# #.# #.# #.# #.#
#.# #.# #.# #.# #.#
#.# #.# #.# #.#


You could see an ice beast (blind).

Vanquished Creatures
  The ghost of cerealjynx the Slasher, an amateur GrMo (D:3)
  An orc warrior (D:5)
  A necrophage (D:5)
  An ice beast (D:5)
  A crimson imp (D:4)
  4 hounds
  An orc priest (D:5)
  An iguana (D:4)
  2 worker ants (D:5)
  8 gnolls
  4 adders
  A shadow imp (D:5)
  3 oozes
  3 worms
  3 dart slugs
  4 leopard geckos
  10 orcs
  A ball python (D:3)
  3 giant cockroaches
  9 goblins
  5 hobgoblins
  15 jackals
  2 quokkas
  6 bats
  3 frilled lizards
  3 kobolds
  3 rats
  4 rat zombies (D:3)
103 creatures vanquished.

Notes
Turn   | Place    | Note
-------+----------+-------------------------------------------
     0 | D:1      | pokedragonboy the Deep Elf Conjurer began the quest for the Orb.
     0 | D:1      | Reached XP level 1. HP: 10/10 MP: 6/6
   260 | D:1      | Reached XP level 2. HP: 15/15 MP: 6/8
   276 | D:1      | Learned a level 2 spell: Searing Ray
   839 | D:1      | Reached skill level 5 in Conjurations
  1030 | D:2      | Reached XP level 3. HP: 15/19 MP: 0/10
  1624 | D:2      | Learned a level 3 spell: Dazzling Spray
  1628 | D:2      | Reached XP level 4. HP: 24/24 MP: 7/12
  1642 | D:2      | Reached skill level 1 in Hexes
  2125 | D:3      | Found a hide-covered altar of Uskayaw.
  2139 | D:3      | Reached XP level 5. HP: 24/28 MP: 1/14
  2292 | D:3      | Noticed cerealjynx's ghost (amateur GrMo)
  2312 | D:3      | Noticed a dagger
  2313 | D:3      | Noticed a hand axe
  2628 | D:3      | Reached skill level 5 in Spellcasting
  2848 | D:3      | Learned a level 5 spell: Iskenderun's Battlesphere
  2949 | D:3      | Found an ancient bone altar of Kikubaaqudgha.
  3269 | D:3      | Found a sparkling altar of Nemelex Xobeh.
  3286 | D:3      | Killed cerealjynx's ghost
  3286 | D:3      | Reached skill level 1 in Charms
  3286 | D:3      | Reached XP level 6. HP: 11/32 MP: 6/16
  3516 | D:3      | Learned a level 4 spell: Iskenderun's Mystic Blast
  4251 | D:4      | Found a burning altar of Makhleb.
  4253 | D:4      | Noticed a green death
  4254 | D:4      | Found a glowing silver altar of Zin.
  4254 | D:4      | Noticed an angel
  4436 | D:5      | Entered Level 5 of the Dungeon
  4443 | D:5      | Noticed an ice beast
  4448 | D:5      | Killed an ice beast
  4448 | D:5      | Reached XP level 7. HP: 36/36 MP: 13/19
  4454 | D:5      | Learned a level 4 spell: Fulminant Prism
  5324 | D:5      | Found a bloodstained altar of Trog.
  5351 | D:5      | Gained mutation: Armour fits poorly on your strangely shaped body. [potion of mutation]
  5351 | D:5      | Gained mutation: You are dopey. (Int -2) [potion of mutation]
  5351 | D:5      | Gained mutation: Your magical capacity is low. (-10% MP) [potion of mutation]
  5362 | D:5      | Mangled by an ice beast

Vault maps used:
D:1:      roderic_crossed_star
D:3:      lemuel_zombie_altar_kikubaaqudgha, dancing_weapons_uskayaw,
          first_bread, nemelex_spade_bored_becter
D:4:      grunt_temple_overflow_order_and_chaos_2
D:5:      wad_crossroads, kennysheep_little_box, uniq_edmund

Skill      XL: |  1  2  3  4  5  6  7 |
---------------+----------------------+-----
Conjurations   | 5 6 7 |  7.6
Spellcasting   | 4 5 6 7 |  7.4
Hexes          | 1 2 3 |  3.2
Charms         | 1 3 4 |  4.5
Dodging        | |  2.4
Stealth        | |  2.4

Action                   |  1- 3 |  4- 6 |  7- 9 || total
-------------------------+-------+-------+-------++-------
Melee: Dagger            |    15 |    41 |    10 ||    66
 Cast: Magic Dart        |    53 |    92 |    36 ||   181
       Searing Ray       |     3 |    11 |     7 ||    21
       Dazzling Spray    |       |     9 |     3 ||    12
  Use: Scroll            |     6 |     4 |     2 ||    12
       Potion            |     1 |     4 |     1 ||     6
 Stab: Sleeping          |     1 |       |       ||     1
  Eat: Chunk             |     2 |     8 |       ||    10
       Fruit             |       |     1 |     2 ||     3
       Beef jerky        |       |       |     1 ||     1
Armor: Robe              |     3 |    18 |     7 ||    28
Dodge: Dodged            |    20 |    39 |    12 ||    71
